 Dungeon Crawl Stone Soup version 0.26.1-10-gdfb7c7de75 (webtiles) character file.

Game seed: 11269100960386058248

780 tardwrangler69 the Chopper (level 7, 0/62 HPs)
             Began as a Minotaur Fighter on Mar 31, 2021.
             Slain by an ogre
             ... wielding a cursed +0 giant spiked club
              (6 damage)
             ... on level 5 of the Dungeon.
             The game lasted 00:03:04 (4737 turns).

tardwrangler69 the Chopper (Minotaur Fighter)       Turns: 4737, Time: 00:03:04

Health: 0/62       AC: 12    Str: 22    XL:     7   Next: 55%
Magic:  6/6        EV:  4    Int:  5    God:
Gold:   229        SH: 10    Dex: 10    Spells: 6/6 levels left

rFire    . . .     SeeInvis .   a - +0 war axe
rCold    . . .     Faith    .   c - +0 kite shield
rNeg     . . .     Spirit   .   s - +0 plate armour
rPois    .         Reflect  .   (helmet restricted)
rElec    .         Harm     .   (no cloak)
rCorr    .         Rampage  .   (no gloves)
Will     .....                  (no boots)
Stlth    ..........             (no amulet)
HPRegen  0.20/turn              (no ring)
MPRegen  0.10/turn              (no ring)

@: studying Long Blades
A: retaliatory headbutt, horns 2
a: no special abilities


You were on level 5 of the Dungeon.
You visited 1 branch of the dungeon, and saw 5 of its levels.

You collected 229 gold pieces.

Inventory:

Hand Weapons
 a - a +0 war axe (weapon)
Armour
 c - a +0 kite shield (worn)
 s - a +0 plate armour (worn)
Jewellery
 u - an uncursed ring of willpower {unknown}
Wands
 t - a wand of polymorph (11)
 w - a wand of flame (25)
Scrolls
 e - 6 scrolls of identify {unknown}
 g - 2 scrolls of magic mapping {unknown}
 h - 3 scrolls of fog {unknown}
 i - a scroll of blinking {unknown}
 k - 3 scrolls of remove curse {unknown}
 m - a scroll of teleportation {unknown}
 o - a scroll of enchant weapon {unknown}
 p - a scroll of immolation {unknown}
 r - a scroll of amnesia {unknown}
 v - a scroll of enchant armour {unknown}
Potions
 d - a potion of might
 f - a potion of ambrosia {unknown}
 j - a potion of lignification {unknown}
 l - a potion of heal wounds {unknown}
 n - a potion of flight {unknown}
 q - 2 potions of mutation {unknown}
Books
 b - a manual of Long Blades


   Skills:
 + Level 5.8 Fighting
 * Level 6.8 Axes
 + Level 5.7 Armour
 + Level 5.8 Shields


You had 6 spell levels left.
You didn't know any spells.
Your spell library was empty.

Dungeon Overview and Level Annotations

Branches:
Dungeon (5/15)
 Temple: D:4-7

Altars:
Gozag
Ru


Innate Abilities, Weirdness & Mutations

You reflexively headbutt those who attack you in melee.
You have a pair of horns on your head.


Message History

You slash the ogre!
You kill the ogre!
An ogre comes into view. It is wielding a +0 giant spiked club.
An ogre is nearby!
An ogre is nearby!
An ogre is nearby!
The ogre shouts!
You see here an emerald ring.
You start resting.
An ogre is nearby!
The ogre hits you with a cursed +0 giant spiked club!
* * * LOW HITPOINT WARNING * * *
You hit the ogre.
The ogre is lightly wounded.
The ogre hits you with a cursed +0 giant spiked club!
* * * LOW HITPOINT WARNING * * *
You closely miss the ogre.
The ogre is lightly wounded.
The ogre hits you with a cursed +0 giant spiked club.
You die...

..............#.. .#
..............#.##.#
..............#.#..#
<.............#.#.#
..................#
....########.O##.##
....# ##.##.#
###.####### #.##.#
#.......###.##@#
#######....=##O######
#####....)....#
#......))......
#..............
#..............
...###....)..... ###.
.#......... #
#?..........


You could see an ogre.

Vanquished Creatures
  2 ogres
  A bullfrog (D:3)
  3 hounds (D:4)
  2 orc priests
  3 orc wizards
  An iguana (D:4)
  3 worker ants (D:4)
  Terence (D:3)
  4 adders
  3 gnolls (D:4)
  3 ufetubi (D:5)
  2 oozes
  2 worms (D:3)
  2 leopard geckos
  18 orcs
  6 bats
  6 giant cockroaches
  12 goblins
  5 hobgoblins
  4 jackals (D:2)
  7 kobolds
  2 quokkas
  6 frilled lizards
  A leopard gecko skeleton (D:4)
  A quokka skeleton (D:5)
  6 rats
106 creatures vanquished.

Notes
Turn   | Place    | Note
-------+----------+-------------------------------------------
     0 | D:1      | tardwrangler69 the Minotaur Fighter began the quest for the
                  | Orb.
     0 | D:1      | Reached XP level 1. HP: 19/19 MP: 0/0
   205 | D:1      | Reached XP level 2. HP: 27/27 MP: 1/1
   306 | D:1      | Reached skill level 3 in Axes
  1112 | D:2      | Reached XP level 3. HP: 33/33 MP: 2/2
  1351 | D:2      | Found a sacrificial altar of Ru.
  1460 | D:2      | Reached XP level 4. HP: 20/40 MP: 3/3
  1773 | D:2      | Reached skill level 4 in Axes
  2188 | D:3      | Noticed a bullfrog
  2195 | D:3      | Killed a bullfrog
  2196 | D:3      | Reached XP level 5. HP: 29/47 MP: 4/4
  2341 | D:3      | Noticed Terence
  2354 | D:3      | Killed Terence
  2662 | D:3      | Found a faded altar of an unknown god.
  2838 | D:3      | Reached skill level 5 in Axes
  3206 | D:3      | Reached XP level 6. HP: 34/55 MP: 5/5
  3215 | D:3      | Reached skill level 5 in Fighting
  3215 | D:3      | Reached skill level 5 in Shields
  3583 | D:4      | Reached skill level 5 in Armour
  3993 | D:4      | Reached skill level 6 in Axes
  4168 | D:4      | Reached XP level 7. HP: 61/61 MP: 6/6
  4595 | D:5      | Entered Level 5 of the Dungeon
  4597 | D:5      | Found an opulent altar of Gozag.
  4737 | D:5      | Slain by an ogre

Illustrated notes

Levels and vault maps discovered:
D:1:      eino_arrival_cavern_a, layout_loops_corners
D:2:      layout_loops_corners, nicolae_ru_path_of_blood, minmay_tiny_reverse_x
D:3:      minmay_octagon_keep, layout_basic, chequers_ecumenical_altar_island,
          uniq_terence
D:4:      layout_cave_pods, grunt_decor_junction
D:5:      layout_rooms, basic_altar, minmay_fire_ice_demons

Skill      XL: |  1  2  3  4  5  6 |
---------------+-------------------+-----
Axes           | 3 4 5 6 |  6.8
Fighting       | 4 5 |  5.8
Shields        | 4 5 |  5.8
Armour         | 4 5 |  5.7

Action                   |  1- 3 |  4- 6 |  7- 9 || total
-------------------------+-------+-------+-------++-------
Melee: War axe           |    61 |   148 |    28 ||   237
       Headbutt          |    14 |    21 |     9 ||    44
Armor: Scale mail        |    32 |    37 |       ||    69
       Plate armour      |       |    54 |    16 ||    70
Dodge: Dodged            |    17 |    45 |     6 ||    68
Block: Kite shield       |    24 |    86 |    10 ||   120
